 Dungeon Crawl Stone Soup version 0.29.1-13-g9f3cf754e1 (webtiles) character file.

Game seed: 15542788032322612065

3260 GigaChad the Cleaver (level 9, -2/78 HPs)
             Began as a Minotaur Fighter on Jan 19, 2023.
             Was a Believer of Okawaru.
             Slain by a black bear (3 damage)
             ... on level 8 of the Dungeon.
             The game lasted 00:09:40 (6872 turns).

GigaChad the Cleaver (Minotaur Fighter)             Turns: 6872, Time: 00:09:40

Health: -2/78      AC: 13    Str: 24    XL:     9   Next: 68%
Magic:  8/8        EV: 12    Int:  5    God:    Okawaru [**....]
Gold:   421        SH:  5    Dex: 11    Spells: 8/8 levels left

rFire   . . .      SeeInvis .   a - +3 war axe
rCold   . . .      Faith    .   c - +0 buckler
rNeg    . . .      Spirit   .   u - +0 plate armour
rPois   .          Reflect  .   (helmet restricted)
rElec   .          Harm     .   (no cloak)
rCorr   .          Rampage  .   (no gloves)
Will    .....                   (no boots)
Stlth   ..........              j - amulet of the acrobat
HPRegen 0.23/turn               n - +4 ring of evasion
MPRegen 0.11/turn               (no ring)

@: no status effects
A: horns 2, retaliatory headbutt
a: Renounce Religion, Heroism


You were on level 8 of the Dungeon.
You worshipped Okawaru.
Okawaru was pleased with you.
You visited 2 branches of the dungeon, and saw 9 of its levels.

You collected 421 gold pieces.

Inventory:

Hand Weapons
 a - a +3 war axe (weapon)
Armour
 b - a +0 scale mail
 c - a +0 buckler (worn)
 r - the +8 chain mail of the Ladybird {Harm Int+3}
   (You found it on level 6 of the Dungeon)

   Int:       It affects your intelligence (+3).
   Harm:      It increases damage dealt and taken.
 u - a +0 plate armour (worn)
Jewellery
 j - an amulet of the acrobat (around neck)
 m - a ring of ice
 n - a +4 ring of evasion (left hand)
 o - a ring of magical power
Wands
 q - a wand of flame (19) (quivered)
 w - a wand of charming (28)
Scrolls
 g - 4 scrolls of teleportation
 l - 2 scrolls of magic mapping
 p - a scroll of fear
 x - a scroll of acquirement {unknown}
 y - a scroll of immolation {unknown}
Potions
 d - 2 potions of might
 e - 2 potions of degeneration
 f - 2 potions of attraction {unknown}
 h - a potion of berserk rage {unknown}
 i - a potion of haste
 k - a potion of brilliance {unknown}
 s - a potion of ambrosia {unknown}
 t - 2 potions of curing {unknown}
 v - 2 potions of mutation {unknown}
 z - a potion of flight {unknown}


   Skills:
 + Level 6.6 Fighting
 + Level 11.4 Axes
 + Level 8.6 Armour
 + Level 3.8 Dodging
 + Level 0.6 Stealth
 + Level 5.8 Shields
 + Level 1.8 Evocations


You had 8 spell levels left.
You didn't know any spells.
Your spell library contained the following spells:

 Spells                   Type           Power      Damage    Failure   Level
 Apportation              Tloc           0%         N/A       100%        1
 Gell's Gravitas          Tloc           0%         N/A       100%        3
 Lesser Beckoning         Tloc           0%         N/A       100%        3
 Teleport Other           Tloc           0%         N/A       100%        3
 Alistair's Intoxication  Tmut/Pois      0%         N/A       100%        5


Dungeon Overview and Level Annotations

Branches:
Dungeon (8/15)             Temple (1/1) D:6            Lair (0/5) D:8

Altars:
Ashenzari
Cheibriados
Elyvilon
Fedhas
Gozag
Hepliaklqana
Kikubaaqudgha
Nemelex Xobeh
Okawaru
Qazlal
Sif Muna
Trog
Uskayaw
Wu Jian
Xom
Yredelemnul
Zin

Shops:
D:1 ?

Annotations:
D:4 1 transporter, hawla's ghost, amateur MeFE


Innate Abilities, Weirdness & Mutations

You have a pair of horns on your head.
You reflexively headbutt those who attack you in melee.


Message History

The black bear claws the plant. x2; You block the orc warrior's attack.
The bullfrog barely misses you. The komodo dragon bites you!
You barely miss the orc warrior.
The orc warrior is heavily wounded.
You slash the komodo dragon! You closely miss the bullfrog.
You slash the plant! The bullfrog hits you. You block the orc warrior's attack.
The black bear bites the plant!
The black bear claws the plant. x2
The komodo dragon closely misses you. The bullfrog misses you.
You furiously retaliate!
You headbutt the bullfrog!
You hit the orc warrior but do no damage.
The orc warrior is heavily wounded.
You hit the komodo dragon. You closely miss the bullfrog. You slash the plant!
A nearby plant withers and dies.
The orc warrior hits you with a +0 flail!
The bullfrog hits you but does no damage.
The komodo dragon bites you!
* * * LOW HITPOINT WARNING * * *
You barely miss the orc warrior.
The orc warrior is heavily wounded.
You slash the komodo dragon! You hit the bullfrog.
You kill the bullfrog!
Okawaru accepts your kill.
You hit the black bear but do no damage.
The black bear closely misses you. You block the black bear's attack.
The black bear claws you.
* * * LOW HITPOINT WARNING * * *
The orc warrior hits you with a +0 flail!
* * * LOW HITPOINT WARNING * * *
The komodo dragon misses you. You furiously retaliate!
You headbutt the komodo dragon, but do no damage.
You hit the orc warrior but do no damage.
The orc warrior is heavily wounded.
You closely miss the black bear. You hit the black bear.
You hit the komodo dragon but do no damage.
The black bear completely misses you. The black bear barely misses you.
The black bear claws you but does no damage.
The orc warrior barely misses you. The black bear bites you.
* * * LOW HITPOINT WARNING * * *
The black bear closely misses you. The black bear claws you.
You die...

#.# #..#.###..##
#.#######.#.#....P.#
#.................PP
####...#.#...P......
#......#P.P.P...P
#....#..PP...P..
#.#.##.PP...####
#.#.##.....l#(>#
#.#.###P...h@o.#
#.#.# #....h####
#.#.# #P..P...P #.#
##.......P #.#
#....P..PP. #.#
##......P..
###....... #.#.###.


You could see a komodo dragon, an orc warrior and 2 black bears.

Vanquished Creatures
  A steam dragon (D:6)
  2 water moccasins
  A black bear (D:8)
  An ice beast (D:6)
  An orc warrior (D:8)
  2 ogres
  3 centaurs
  A phantom (D:5)
  3 bullfrogs
  2 kobold brigands (D:6)
  3 necrophages
  4 scorpions
  6 wights
  A howler monkey (D:6)
  4 centaur zombies (D:7)
  A human zombie (D:7)
  5 jellies
  4 hounds
  An orc priest (D:6)
  2 iguanas (D:4)
  10 orc wizards
  2 killer bee zombies (D:7)
  2 mummies (D:7)
  7 adders
  5 gnolls
  3 white imps
  An ufetubus (D:6)
  23 orcs
  6 ball pythons
  3 endoplasms
  2 giant cockroaches (D:1)
  8 goblins
  9 hobgoblins
  7 jackals
  4 quokkas
  4 bats
  5 frilled lizards
  9 kobolds
  3 rats
161 creatures vanquished.

Vanquished Creatures (others)
  2 fungi (D:8)
  3 plants (D:8)
5 creatures vanquished.

Grand Total: 166 creatures vanquished

Notes
Turn   | Place    | Note
-------+----------+-------------------------------------------
     0 | D:1      | GigaChad the Minotaur Fighter began the quest for the Orb.
     0 | D:1      | Reached XP level 1. HP: 19/19 MP: 0/0
    93 | D:1      | Reached XP level 2. HP: 26/26 MP: 1/1
   177 | D:1      | Found Usuuseja's Magic Scroll Shoppe.
   318 | D:1      | Reached skill level 3 in Axes
   523 | D:1      | Reached XP level 3. HP: 33/33 MP: 2/2
   692 | D:2      | Reached XP level 4. HP: 32/40 MP: 3/3
  1005 | D:3      | Found a shimmering altar of Xom.
  1082 | D:3      | You fall into a shaft and drop 1 floor!
  1201 | D:4      | Reached skill level 4 in Axes
  1597 | D:4      | Noticed an ogre
  1607 | D:4      | Reached XP level 5. HP: 46/46 MP: 4/4
  1613 | D:4      | Killed an ogre
  1614 | D:4      | Reached skill level 5 in Axes
  1614 | D:4      | Reached skill level 5 in Armour
  1614 | D:4      | Reached skill level 1 in Dodging
  1784 | D:4      | Reached XP level 6. HP: 51/52 MP: 5/5
  1862 | D:4      | Found a transporter.
  1863 | D:4      | Noticed hawla's ghost (amateur MeFE)
  2062 | D:4      | Found a glowing silver altar of Zin.
  2476 | D:5      | Entered Level 5 of the Dungeon
  2877 | D:5      | Reached skill level 6 in Axes
  2888 | D:5      | Reached XP level 7. HP: 57/60 MP: 6/6
  2920 | D:5      | Reached skill level 1 in Evocations
  3054 | D:5      | Reached skill level 7 in Axes
  3085 | D:5      | Reached skill level 5 in Fighting
  3813 | D:6      | Found an opulent altar of Gozag.
  3851 | D:6      | Found a staircase to the Ecumenical Temple.
  3853 | D:6      | Noticed a steam dragon
  3860 | D:6      | Reached XP level 8. HP: 65/68 MP: 7/7
  3864 | D:6      | Reached skill level 5 in Shields
  3895 | D:6      | Reached skill level 8 in Axes
  3913 | Temple   | Entered the Ecumenical Temple
  4274 | Temple   | Became a worshipper of Warmaster Okawaru
  4418 | D:6      | Found a white marble altar of Elyvilon.
  4548 | D:6      | Found a hazy altar of Hepliaklqana.
  4612 | D:6      | Reached skill level 9 in Axes
  4617 | D:6      | Reached * piety under Okawaru
  4659 | D:6      | Identified the +8 chain mail of the Ladybird {Harm Int+3}
  4878 | D:6      | Reached XP level 9. HP: 75/75 MP: 8/8
  4883 | D:6      | Found a snail-covered altar of Cheibriados.
  5161 | D:7      | Reached skill level 10 in Axes
  5487 | D:7      | Found an ancient bone altar of Kikubaaqudgha.
  5883 | D:7      | Reached ** piety under Okawaru
  6635 | D:8      | Reached skill level 11 in Axes
  6858 | D:8      | Noticed a komodo dragon
  6865 | D:8      | Found a staircase to the Lair.
  6871 | D:8      | HP: 3/78 [orc warrior/+0 flail (16)]
  6872 | D:8      | HP: 1/78 [black bear (2)]
  6872 | D:8      | Slain by a black bear

Illustrated notes

Levels and vault maps discovered:
D:1:      reono_arrival_forest_river, layout_rooms, serial_shops, shop,
          minmay_misc_feat_pillars
D:2:      layout_basic, ebering_ecumenical_altar_rust, serial_shops, shop,
          chequers_serial_rivers_large_a, minmay_tall_x
D:3:      layout_basic, lemuel_round_altar, kennysheep_cross_bottleneck,
          kennysheep_another_room
D:4:      minmay_spotlight, layout_loops_ring, zin_treasury,
          amethyst_overflow_temple_binary, gammafunk_ghost_smash
D:5:      layout_basic
D:6:      minmay_clustersquares, layout_rooms,
          nicolae_gozag_cash_rules_everything_around_me, lemuel_crystal_altar,
          mainiacjoe_overflow_large_starburst, minmay_temple_entry_stoned_glass,
          minmay_door_square
D:7:      layout_basic, lemuel_mausoleum_altar_kikubaaqudgha
D:8:      layout_loops_ring, hangedman_ru_absence,
          grunt_lair_entry_orc_guard_hut, hex_large, uniq_erica
Temple:   eino_temple_lava

Skill      XL: |  1  2  3  4  5  6  7  8  9 |
---------------+----------------------------+-----
Armour         | 4 5 6 7 8 |  8.6
Axes           | 3 4 5 6 7 9 11 | 11.4
Shields        | 4 5 |  5.8
Fighting       | 4 5 6 |  6.6
Dodging        | 1 2 3 |  3.8
Evocations     | 1 |  1.8
Stealth        | |  0.6

Action                   |  1- 3 |  4- 6 |  7- 9 || total
-------------------------+-------+-------+-------++-------
Melee: War axe           |    67 |   112 |   222 ||   401
       Headbutt          |     6 |    15 |    43 ||    64
Evoke: Wand              |       |    10 |     4 ||    14
  Use: Scroll            |     3 |       |    10 ||    13
Armor: Scale mail        |    39 |    40 |       ||    79
       Plate armour      |       |     1 |   100 ||   101
Dodge: Dodged            |    60 |    77 |   177 ||   314
Block: Buckler           |    23 |    19 |    64 ||   106
